 Dungeon Crawl Stone Soup version 0.27-a0-1334-g2746e35aca (webtiles) character file.

Game seed: 17010968531308888488

44 Delamore the Sneak (level 3, -3/25 HPs)
             Began as an Octopode Brigand on June 26, 2021.
             Slain by an orc (5 damage)
             ... on level 2 of the Dungeon.
             The game lasted 00:00:54 (1663 turns).

Delamore the Sneak (Octopode Brigand)               Turns: 1663, Time: 00:00:54

Health: -3/25      AC:  1    Str: 10    XL:     3   Next: 60%
Magic:  3/3        EV: 13    Int: 13    God:
Gold:   61         SH:  0    Dex: 14    Spells: 2/2 levels left

rFire    . . .     SeeInvis .   a - +2 dagger
rCold    . . .     Faith    .   (no shield)
rNeg     . . .     Spirit   .   (helmet restricted)
rPois    .         Reflect  .   (no amulet)
rElec    .         Harm     .   (no ring)
rCorr    .         Rampage  .   (no ring)
Will     .....                  (no ring)
Stlth    ++++......             (no ring)
HPRegen  0.08/turn              (no ring)
MPRegen  0.08/turn              (no ring)
                                (no ring)
                                (no ring)

@: no status effects
A: almost no armour, amphibious, 8 rings, camouflage 1, gelatinous body 1,
(nimble swimmer 1), tentacles
a: no special abilities


You were on level 2 of the Dungeon.
You visited 1 branch of the dungeon, and saw 2 of its levels.

You collected 61 gold pieces.

Inventory:

Hand Weapons
 a - a +2 dagger (weapon)
Missiles
 b - 8 poisoned darts (quivered)
 c - 2 curare-tipped darts
Scrolls
 e - a scroll of teleportation {unknown}
 f - a scroll of immolation {unknown}
Potions
 d - a potion of heal wounds {unknown}


   Skills:
 + Level 2.5 Fighting
 * Level 3.0 Short Blades
 - Level 2.0 Throwing
 + Level 1.8 Dodging
 - Level 5.3 Stealth


You had 2 spell levels left.
You didn't know any spells.
Your spell library was empty.

Dungeon Overview and Level Annotations

Branches:
Dungeon (2/15)

Altars:


Innate Abilities, Weirdness & Mutations

You cannot wear most types of armour.
You are amphibious.
You can wear up to eight rings at the same time.
Your skin changes colour to match your surroundings (Stealth+).
Your rubbery body absorbs attacks. (AC +1, EV +1)
((You are camouflaged near water. (Stealth+)))
You have tentacles for arms and can constrict up to eight enemies at once.


Message History

You hit the worm. You grab the worm.
The worm is lightly wounded.
You constrict the worm. You hit the worm but do no damage.
You squeeze the worm.
The worm is heavily wounded.
You constrict the worm. The orc barely misses you.
You hit the worm.
The worm is almost dead.
You constrict the worm. The worm bites you!
The orc hits you with a +0 falchion.
You are too injured to fight recklessly!
You are too injured to fight recklessly!
You are too injured to fight recklessly!
You are too injured to fight recklessly!
You are too injured to fight recklessly!
You are too injured to fight recklessly!
You are too injured to fight recklessly!
You are too injured to fight recklessly!
You are too injured to fight recklessly!
You are too injured to fight recklessly!
You are too injured to fight recklessly!
There are monsters nearby!
You release your grip on the worm.
There is a large open door here.
Unknown command.
You hit the orc but do no damage. You grab the orc. You constrict the orc.
The orc hits you with a +0 whip.
You hit the orc.
The orc is heavily wounded.
You constrict the orc, but do no damage.
You hit the orc.
You kill the orc!
You hit the orc. Your grab misses the orc.
The orc is heavily wounded.
The orc hits you with a +0 falchion.
* * * LOW HITPOINT WARNING * * *
You hit the orc. Your grab misses the orc.
The orc is almost dead.
The orc hits you with a +0 falchion.
You die...

#....#..# #.......#
##......# ........#
...#..### ## ## ≈.†.....#
### .#. #### ≈.†.....#
##..###.###..## )....##.#
#.8.wo#.#.).8.# ......#.#
#....#@.'#)...# ........#
#....#'.'#....#
(..#.####.#.8...#.#...8.#
...÷......##..###.###..##
......÷...#### #.#.#####
....######## ##.## ###
...........## #'# ##.#
##..###.....## ##.##
##..#
##...+......###.#.###...#


You could see a worm and an orc.

Vanquished Creatures
  2 worms (D:2)
  3 orcs (D:2)
  3 bats
  An endoplasm (D:1)
  4 giant cockroaches
  4 goblins
  2 hobgoblins (D:1)
  2 kobolds
  A quokka (D:2)
  5 ball pythons (D:2)
  2 frilled lizards
  A rat (D:2)
30 creatures vanquished.

Notes
Turn   | Place    | Note
-------+----------+-------------------------------------------
     0 | D:1      | Delamore the Octopode Brigand began the quest for the Orb.
     0 | D:1      | Reached XP level 1. HP: 14/14 MP: 1/1
   423 | D:1      | Found a faded altar of an unknown god.
   458 | D:1      | Reached XP level 2. HP: 19/19 MP: 2/2
  1200 | D:2      | Reached XP level 3. HP: 25/25 MP: 3/3
  1663 | D:2      | Slain by an orc

Illustrated notes

Levels and vault maps discovered:
D:1:      minmay_arrival_pointy, layout_basic,
          shapermc_ecumenical_altar_totnotflames
D:2:      cheibrodos_helix_gallery, layout_basic, chequers_serial_rivers_marsh,
          wad_orctagon, uniq_terence

Skill      XL: |  1  2  3 |
---------------+----------+-----
Short Blades   | 3 |  3.0
Fighting       | |  2.5
Throwing       | |  2.0
Dodging        | |  1.8
Stealth        | |  5.3

Action                   || total
-------------------------++-------
Melee: Dagger            ||    64
       Constrict         ||    15
       Tentacles         ||     6
 Stab: Sleeping          ||     8
Armor: Skin              ||     1
Dodge: Dodged            ||    28

Table legend: (Time is in decaauts)
 A = Elapsed time spent in this place.
 B = Non-inter-level travel time spent in this place.
 C = Inter-level travel time spent in this place.
 D = Time resting spent in this place.
 E = Time spent auto-exploring this place.
 F = Levels seen in this place.
 G = Mean time per level.
                   A        B        C        D        E       F      G
               +--------+--------+--------+--------+--------+-----+--------+
         Total |   1655 |   1562 |     93 |    174 |   1225 |   2 |  827.5 |
       Dungeon |   1655 |   1562 |     93 |    174 |   1225 |   2 |  827.5 |
               +--------+--------+--------+--------+--------+-----+--------+

Top non-repeatable levels by time:
     D:1: 1135 daAuts
     D:2: 519 daAuts
